 Dungeon Crawl Stone Soup version 0.16.2-12-gd0ad4c3 (webtiles) character file.

56 dvd the Sneak (level 3, -1/25 HPs)
             Began as a Vampire Enchanter on Sept 16, 2015.
             Succumbed to Terence's poison
             ... on level 2 of the Dungeon.
             The game lasted 00:10:28 (1843 turns).

dvd the Sneak (Vampire Enchanter)                   Turns: 1843, Time: 00:10:28

Health: -1/25      AC:  5    Str:  7    XL:     3   Next: 69%
Magic:  1/6        EV: 13    Int: 18    God:
Gold:   40         SH:  0    Dex: 14    Spells: 2 memorised, 2 levels left

rFire  . . .     SeeInvis +     n - -1 dagger (curse)
rCold  . . .     Clarity  .     b - +1 robe
rNeg   + . .     SustAb   .     (no shield)
rPois  .         Gourm    .     l - +1 helmet
rElec  .         Spirit   .     (no cloak)
rCorr  .         Warding  .     (no gloves)
rMut   .         Stasis   .     (no boots)
MR     .....                    (no amulet)
Stlth  +++.......               (no ring)
                                (no ring)

@: lethally poisoned (-1 -> -15), not resistant to hostile enchantments, fairly
stealthy
A: bottle blood, fangs 3, see invisible, unbreathing
a: Bat Form


You were on level 2 of the Dungeon.
You were not thirsty.

You visited 1 branch of the dungeon, and saw 2 of its levels.

You collected 40 gold pieces.

Inventory:

Hand weapons
 a - a +1 dagger
 g - a +0 short sword
 j - a +0 dagger
 k - a +0 short sword
 n - a cursed -1 dagger (weapon)
Armour
 b - a +1 robe (worn)
 l - a +1 helmet (worn)
Potions
 d - 15 potions of blood
 e - 2 potions of brilliance {unknown}
 f - a potion of resistance {unknown}
 m - a potion of curing {unknown}
Books
 c - a book of Maledictions

   Spells                             Type                      Level
   a - Corona                         Hexes                        1
   b - Sure Blade                     Hexes/Charms                 2
   c - Ensorcelled Hibernation        Hexes/Ice                    2
   d - Confuse                        Hexes                        3
   e - Dazzling Spray                 Conjuration/Hexes            3
   f - Enslavement                    Hexes                        4


   Skills:
 + Level 0.3 Fighting
 + Level 1.2 Short Blades
 + Level 2.4 Dodging
 + Level 5.5 Stealth
 + Level 2.2 Spellcasting
 + Level 5.3 Hexes
 + Level 0.2 Ice Magic


You had 2 spell levels left.
You knew the following spells:

 Your Spells              Type           Power        Failure   Level  Hunger
b - Ensorcelled Hibernat  Hex/Ice        ##....       12%         2    ##.....
c - Sure Blade            Hex/Chrm       ##........   12%         2    ##.....


Dungeon Overview and Level Annotations

Branches:
Dungeon (2/15)

Altars:
Ashenzari

Annotations:
D:2 Terence


Innate Abilities, Weirdness & Mutations

You can bottle blood from corpses.
You have razor-sharp teeth.
You have supernaturally acute eyesight.
You can survive without breathing.


Message History

You feel sick.
Use which ability? (? or * to list)
You turn into a vampire bat.
Your cursed -1 dagger melds into your body.
Your +1 helmet melds into your body.
Your +1 robe melds into your body.
* * * LOW HITPOINT WARNING * * *
You feel sick.
Terence zaps a wand.
Terence looks slightly unstable.
It is a wand of teleportation.
* * * LOW HITPOINT WARNING * * *
You feel sick.
* * * LOW HITPOINT WARNING * * *
You feel sick.
* * * LOW HITPOINT WARNING * * *
You feel sick.
You can't do that in your present form.
Use which ability? (? or * to list)
Your transformation has ended.
Your cursed -1 dagger unmelds from your body.
Your +1 helmet unmelds from your body.
Your +1 robe unmelds from your body.
You die...

##### #...# # ###.#.### #
#...#...###########
########.#####...........####
##.........#................#####
)..#######.#.##########...#......
#### #...######........)..###
###########.#...@.#>###...#......
............#@###.#.###.....#.##.
#############.# #........##.#.##.
# #....@.# ###.###..##.#.##.
#******#.###### #.# #..##...##.
....,,*#.# #.# #.....).##.
####*,*#.# #.###.###...##. *,,..#
#...........### ***,,###
#####.###..####


You could see Terence.

Vanquished Creatures
  A gnoll (D:2)
  An adder (D:2)
  A giant mite (D:2)
  2 giant cockroaches (D:1)
  3 goblins
  4 hobgoblins
  7 kobolds
  2 bats
  2 giant newts (D:2)
  11 rats
34 creatures vanquished.

Notes
Turn   | Place    | Note
--------------------------------------------------------------
     0 | D:1      | dvd, the Vampire Enchanter, began the quest for the Orb.
     0 | D:1      | Reached XP level 1. HP: 13/13 MP: 3/3
   428 | D:1      | Reached XP level 2. HP: 17/19 MP: 2/4
   432 | D:1      | Learned a level 2 spell: Ensorcelled Hibernation
   435 | D:1      | Learned a level 2 spell: Sure Blade
   530 | D:1      | Reached skill level 5 in Hexes
  1262 | D:2      | Found a shattered altar of Ashenzari.
  1359 | D:2      | Reached skill level 5 in Stealth
  1359 | D:2      | Reached XP level 3. HP: 23/25 MP: 6/6
  1828 | D:2      | Noticed Terence
  1841 | D:2      | HP: 1/25 [poisoned by Terence]
  1843 | D:2      | Succumbed to Terence's poison

Action                   || total
-------------------------++-------
Melee: Dagger            ||    52
 Cast: Corona            ||    10
       Ensorcelled Hiber ||    18
       Sure Blade        ||     1
 Abil: End Transformatio ||     2
       Bat Form          ||     2
  Use: Scroll            ||     4
 Stab: Sleeping          ||    22
  Eat: Corpse            ||     2
